 Dungeon Crawl Stone Soup version 0.22-a0-785-g6253c82ace (webtiles) character file.

23 Holzbalken the Gusty (level 2, -3/20 HPs)
             Began as a Draconian Air Elementalist on July 20, 2018.
             Slain by a leopard gecko (4 damage)
             ... on level 1 of the Dungeon.
             The game lasted 00:06:02 (889 turns).

Holzbalken the Gusty (Draconian Air Elementalist)    Turns: 889, Time: 00:06:02

Health: -3/20      AC:  4    Str: 10    XL:     2   Next: 75%
Magic:  1/5        EV: 12    Int: 15    God:
Gold:   0          SH:  0    Dex: 11    Spells: 4/5 levels left

rFire    . . .     SeeInvis .   (no weapon)
rCold    . . .     Gourm    .   (no shield)
rNeg     . . .     Faith    .   (armour unavailable)
rPois    .         Spirit   .   (helmet restricted)
rElec    .         Reflect  .   (no cloak)
rCorr    .         Harm     .   (no gloves)
MR       .....                  (no boots)
Stlth    ++........             (no amulet)
HPRegen  0.06/turn              (no ring)
MPRegen  0.09/turn              (no ring)

@: very slightly contaminated
A: unfitting armour, cold-blooded, AC +4
a: no special abilities


You were on level 1 of the Dungeon.
You were not hungry.

You visited 1 branch of the dungeon, and saw 1 of its levels.

Inventory:

Scrolls
 e - a scroll of remove curse {unknown}
 f - a scroll of identify {unknown}
Potions
 c - a potion of curing {unknown}
 d - 2 potions of resistance {unknown}
Comestibles
 a - 15 chunks of flesh
 b - 6 rations


   Skills:
 + Level 1.9 Dodging
 - Level 1.7 Stealth
 * Level 2.3 Spellcasting
 * Level 1.7 Conjurations
 * Level 3.3 Air Magic


You had 4 spell levels left.
You knew the following spells:

 Your Spells              Type           Power        Failure   Level  Hunger
a - Shock                 Conj/Air       #...         8%          1    #......

Your spell library contained the following spells:

 Spells                   Type           Power        Failure   Level  Hunger
 Lightning Bolt           Conj/Air       #.........   91%         5    ######.
 Swiftness                Chrm/Air       #.......     17%         2    ###....
 Airstrike                Air            ##........   50%         4    #####..
 Static Discharge         Conj/Air       #.......     22%         3    ###....


Dungeon Overview and Level Annotations

Branches:
Dungeon (1/15)

Altars:


Innate Abilities, Weirdness & Mutations

Your plain brown scales are hard. (AC +4)
You cannot fit into any form of body armour.
You are cold-blooded and may be slowed by cold attacks.


Message History

* * * LOW HITPOINT WARNING * * *
You hit the hobgoblin.
You kill the hobgoblin!
You hit the leopard gecko but do no damage.
Your tail-slap misses the leopard gecko.
The leopard gecko is lightly wounded.
The leopard gecko closely misses you.
You miss the leopard gecko.
The leopard gecko is lightly wounded.
The leopard gecko completely misses you.
You hit the leopard gecko.
The leopard gecko is heavily wounded.
The leopard gecko hisses menacingly.
The leopard gecko bites you.
* * * LOW HITPOINT WARNING * * *
Okay, then.
You closely miss the leopard gecko.
The leopard gecko is heavily wounded.
The leopard gecko bites you.
You die...

######.#..#
...........#
........#.#######
######>.#.....>.#####
..................
####.#######.#####
####.# #.# # #....#
#.# ## #@####
###.####. # #l#
#........ #[##h###
#.######[ ###).....#
#.# ## ..........#
####.# #
...####...###..(.#####
# ##
#......###.....###
##..#.## ##.......
#...## ##.#.###


You could see a leopard gecko and a jackal.

Vanquished Creatures
  A leopard gecko (D:1)
  4 bats (D:1)
  7 hobgoblins (D:1)
  A jackal (D:1)
  2 goblins (D:1)
  2 kobolds (D:1)
  2 rats (D:1)
19 creatures vanquished.

Notes
Turn   | Place    | Note
-------+----------+-------------------------------------------
     0 | D:1      | Holzbalken the Draconian Air Elementalist began the quest for the Orb.
     0 | D:1      | Reached XP level 1. HP: 14/14 MP: 3/3
   488 | D:1      | Reached XP level 2. HP: 20/20 MP: 0/5
   888 | D:1      | HP: 1/20 [leopard gecko (2)]
   889 | D:1      | Slain by a leopard gecko

Vault maps used:
D:1:      sevenhm_arrival_forest_fort_small_3

Action                   || total
-------------------------++-------
Melee: Unarmed           ||    13
       Tailslap          ||     1
 Cast: Shock             ||    32
Armor: Skin              ||    28
Dodge: Dodged            ||    29

Table legend:
 A = Spawn XP
 B = Non-spawn XP
 C = Spawn XP percentage of total XP
 D = Spawn monster count
 E = Non-spawn monster count
 F = Spawn count percentage of total count
 G = Total turns spent on level
                    A         B        C        D         E        F      G
               +---------+---------+-------+---------+---------+-------+---------
         Total |       0 |      34 |   0.0 |       0 |      19 |   0.0 |   889
               +---------+---------+-------+---------+---------+-------+---------
           D:1 |       0 |      34 |   0.0 |       0 |      19 |   0.0 |   889
               +---------+---------+-------+---------+---------+-------+---------
